elenmirie, chaotic female elven Wizard -------- |....<.| `......| |.......## ------ -------- ### --+-----###`+....| |.{....-##### ------------ ################|....| .......| # |........... ################.....| ###|..#...| ##-..........| # # |...^| ####-......| |..........-# # |....| r@ |......| ------------# ------|----- ------ xr`# .......| ### |..........| rh -------- # |>.........| rr ###|....... ..| - #-..........| |..........| . ------------ elenmirie the Evoker Experience level: 2 Strength: 9 Dexterity: 16 Constitution: 13 Intelligence: 20 Wisdom: 9 Charisma: 8 Health: 0(15) Energy: 16(16) Def: 1 Gold: 456 Moves: 1200 Dungeon seed: 61QABjmcy9LuM4p3 Game ID: elenmirie_1466004922 Your Inventory: Coins $ - 456 gold pieces Weapons a - a blessed +1 quarterstaff w - a cursed -3 elven dagger (weapon in hand) Armor e - an uncursed +0 cloak of magic resistance (being worn) Comestibles r - an uncursed fortune cookie Scrolls i - an uncursed scroll of scare monster j - an uncursed scroll of enchant armor k - an uncursed scroll of gold detection Spellbooks l - a blessed spellbook of force bolt m - an uncursed spellbook of create familiar Potions f - an uncursed potion of fruit juice g - an uncursed potion of levitation h - an uncursed potion of monster detection Rings c - an uncursed ring of fire resistance d - an uncursed ring of warning o - an uncursed ring of cold resistance u - an uncursed +3 ring of adornment Wands b - an uncursed wand of striking (0:4) q - an uncursed wand of cancellation (0:5) Tools n - an uncursed bell v - a blessed magic lamp Spells and supernatural/magical abilities: Name Level Category Fail Memory a - force bolt 1 attack 0% 95% A - create familiar 3 clerical 77% 95% W - pray for help -- divine ? -- Your skills at the end: Fighting Skills wands [Basic] Weapon Skills quarterstaff [Basic] Spellcasting Skills attack spells [Basic] enchantment spells [Basic] Final Attributes: You were piously aligned. You were magic-protected. You saw invisible. You had infravision. You are dead. Vanquished creatures: a shrieker an acid blob 2 giant rats 2 geckos 3 jackals a fox a kobold a goblin 2 sewer rats 4 grid bugs 3 lichens a kobold zombie 4 newts 26 creatures vanquished. Voluntary challenges: You used a wielded weapon 18 times, starting on turn 4. You read items or engraved 2 times, starting on turn 435. You never genocided any monsters. You never polymorphed an object. You never changed form. You used no wishes. You never split a pudding. You wrote Elbereth's name 1 time, starting on turn 437. You never violated your personal moral code. Dungeon overview: The Dungeons of Doom: levels 1 to 4 Level 1 a fountain a long staircase Level 2 a sink Level 3 a fountain a long staircase Level 4 <- You were here a fountain, a sink History has recorded: On T:1 you entered the Dungeons of Doom to retrieve the Amulet of Yendor! On T:288 you reached level 2 of The Dungeons of Doom. On T:684 you reached level 3 of The Dungeons of Doom. On T:696 you advanced to experience level 2. On T:1060 you reached level 4 of The Dungeons of Doom. Score breakdown: Gold: 456 ( 9048 points) Experience: 2 levels ( 5570 points) Exploration: 4 levels ( 7.69%) ( 7276 points) Discoveries: 0 items ( 0.00%) ( 0 points) Valuables value: (no points given unless you survive) Artifact value: 0 ( 0 points) Variety of kills: 13 monsters ( 3.39%) ( 5527 points) Turncount: 1200 turns ( 0 points) Survival: died (score multiplied by 80%) Total score: 21936 Latest messages: It is missed. You stop running. You are almost hit by an elven dagger. w - an elven dagger. The elven dagger welds itself to your hand! You hit the wererat. The wererat summons help! The wererat bites! You miss the wererat. The sewer rat bites! The wererat bites! You miss the wererat. The sewer rat bites! The wererat bites! You hit the wererat. The sewer rat bites! The wererat bites! You miss the wererat. The sewer rat bites! The wererat bites! You die... Final status: Goodbye elenmirie the Wizard, killed by a wererat... You died in The Dungeons of Doom on dungeon level 4 with 21936 points, and 456 pieces of gold, after 1200 moves. You were level 2 with a maximum of 15 hit points when you died.